 Dungeon Crawl Stone Soup version 0.29.1-1-gd02db6906a (webtiles) character file.

Game seed: 2446854536561187791

45171 MeatBomb the Brawler (level 14, 0/141 (144) HPs)
             Began as a Troll Fighter on Sept 20, 2022.
             Was a High Priest of Wu Jian.
             Engulfed by a ghost crab's spectral mist (5 damage)
             ... on level 4 of the Abyss.
             The game lasted 01:44:16 (14087 turns).

MeatBomb the Brawler (Troll Fighter)               Turns: 14087, Time: 01:44:16

HP:   0/141 (144)   AC: 10    Str: 27    XL:     14   Next: 0%
MP:   13/13         EV:  8    Int:  8    God:    Wu Jian [*****.]
Gold: 775           SH: 12    Dex: 15    Spells: 13/13 levels left

rFire   . . .      SeeInvis .     - Unarmed
rCold   . . .      Faith    .   b - +1 kite shield
rNeg    . . .      Spirit   .   T - +0 troll leather armour
rPois   .          Reflect  .   (helmet restricted)
rElec   .          Harm     .   C - scarf {repulsion}
rCorr   .          Rampage  .   (gloves unavailable)
Will    +....                   (boots unavailable)
Stlth   +.........              f - amulet of regeneration
HPRegen 2.73/turn               i - +6 ring of dexterity
MPRegen 0.13/turn               U - +4 ring of protection

@: hasted, constricted, lightly drained, repel missiles, quick
A: large, unfitting armour, claws 3, regeneration 1, shaggy fur 1, tough skin 1
a: Renounce Religion, Wall Jump, Serpent's Lash, Heavenly Storm


You were on level 4 of the Abyss.
You worshipped Wu Jian.
Wu Jian was extremely pleased with you.
You visited 3 branches of the dungeon, and saw 16 of its levels.
You visited the Abyss 1 time.
You also visited: Volcano.

You collected 919 gold pieces.
You spent 144 gold pieces at shops.

Inventory:

Missiles
 e - 4 large rocks
 j - 5 atropa-tipped darts
 m - 8 poisoned darts
 u - 4 silver boomerangs
 x - 4 boomerangs (quivered)
Armour
 b - a +1 kite shield (worn)
 d - the +2 robe of Agoraphobia {Harm rF+ Str+4 Dex+4 Stlth-}
   (You found it on level 2 of the Dungeon)

   Str:       It affects your strength (+4).
   Dex:       It affects your dexterity (+4).
   rF:        It protects you from fire.
   Harm:      It increases damage dealt and taken.
   Stlth:     It makes you less stealthy.
 C - a scarf of repulsion (worn)
 H - a +2 robe of fire resistance
 K - a scarf of resistance
 P - +0 steam dragon scales
 T - a +0 troll leather armour (worn)
Jewellery
 f - an amulet of regeneration (around neck)
 i - a +6 ring of dexterity (left claw)
 n - an amulet of magic regeneration
 o - a ring of protection from cold
 p - a ring of wizardry
 L - an amulet of the acrobat
 U - a +4 ring of protection (right claw)
 V - a ring of positive energy
Wands
 t - a wand of mindburst (11)
 y - a wand of acid (12)
 A - a wand of charming (14)
 E - a wand of flame (23)
 F - a wand of roots (24)
 N - a wand of polymorph (18)
 R - a wand of digging (8)
Scrolls
 q - 4 scrolls of blinking
 r - 3 scrolls of identify
 s - 3 scrolls of teleportation
 v - a scroll of silence
 w - 5 scrolls of vulnerability
 G - a scroll of enchant weapon
 O - 3 scrolls of fear
 S - 2 scrolls of fog
 W - 2 scrolls of noise
 X - a scroll of brand weapon
Potions
 a - a potion of ambrosia
 c - 4 potions of might
 g - 3 potions of heal wounds
 h - 8 potions of curing
 k - 2 potions of invisibility
 l - 2 potions of lignification
 z - a potion of haste
 B - 2 potions of brilliance
 D - 4 potions of mutation
 I - 5 potions of berserk rage
 J - 3 potions of cancellation
 M - 6 potions of flight
 Q - 4 potions of resistance
 Y - a potion of magic
Miscellaneous
 Z - a lightning rod (4/4)


   Skills:
 + Level 10.3 Fighting
 + Level 6.9 Dodging
 + Level 11.3 Shields
 * Level 16.5 Unarmed Combat


You had 13 spell levels left.
You didn't know any spells.
Your spell library contained the following spells:

 Spells                   Type           Power      Damage    Failure   Level
 Magic Dart               Conj           0%         1d3       65%         1
 Necrotise                Necr           0%         1d4       65%         1
 Sandblast                Erth           0%         2d4       65%         1
 Sting                    Tmut/Pois      0%         1d3       65%         1
 Ensorcelled Hibernation  Hex/Ice        0%         N/A       78%         2
 Passwall                 Tmut/Erth      0%         N/A       78%         2
 Poisonous Vapours        Pois/Air       0%         N/A       78%         2
 Searing Ray              Conj           0%         2d4       78%         2
 Call Canine Familiar     Summ           0%         N/A       95%         3
 Confusing Touch          Hex            0%         N/A       95%         3
 Portal Projectile        Hex/Tloc       0%         N/A       95%         3
 Stone Arrow              Conj/Erth      0%         3d7       95%         3
 Swiftness                Air            0%         N/A       95%         3
 Vampiric Draining        Necr           0%         2d6       95%         3
 Corpse Rot               Necr/Pois/Air  0%         N/A       100%        4
 Dispel Undead            Necr           0%         3d6       100%        4
 Fulminant Prism          Conj/Hex       0%         3d6       100%        4
 Hailstorm                Conj/Ice       0%         3d3       100%        4
 Ice Form                 Ice/Tmut       0%         N/A       100%        4
 Leda's Liquefaction      Hex/Erth       0%         N/A       100%        4
 Olgreb's Toxic Radiance  Pois           0%         N/A       100%        4
 Agony                    Necr           0%         N/A       100%        5
 Yara's Violent Unravell  Hex/Tmut       0%         3d3       100%        5
 Death Channel            Necr           0%         N/A       100%        6
 Simulacrum               Ice/Necr       0%         N/A       100%        6
 Enfeeble                 Hex            0%         N/A       100%        7


Dungeon Overview and Level Annotations

Branches:
Dungeon (10/15)            Temple (0/1) D:4            Lair (5/5) D:10
  Swamp (0/4) Lair:3        Snake (1/4) Lair:3        Slime (0/5) Lair:5
    Orc (0/2) D:10        Volcano (visited)

Altars:
Ashenzari
Cheibriados
Dithmenos
Elyvilon
Gozag
Kikubaaqudgha
Nemelex Xobeh
Okawaru
Ru
Trog
Uskayaw
Wu Jian
Xom
Zin
Jiyva

Shops:
D:5 =[!!(   D:8 [   D:9 (

Annotations:
D:9 2 transporters, liarliar's ghost, novice DEEE
D:10 2 transporters, lmSkywalker's ghost, journeyman DsGl


Innate Abilities, Weirdness & Mutations

You are too large for most types of armour.
You have claws for hands.
Your natural rate of healing is unusually fast.
You are covered in fur. (AC +1)
You have tough skin. (AC +1)


Message History

* * * LOW HITPOINT WARNING * * *
You block the spectral quicksilver dragon's attack.
The spectral quicksilver dragon barely misses you.
The kraken is engulfed in spectral mist.
Tentacles burst out of the water!
The spectral quicksilver dragon barely misses you.
You block the spectral quicksilver dragon's attack. 3 tentacles come into view.
You feel much better.
You are engulfed in spectral mist.
The tentacled monstrosity is engulfed in spectral mist.
The tentacled monstrosity closely misses you.
The tentacled monstrosity tentacle-slaps you.
The tentacled monstrosity tentacle-slaps you but does no damage.
The tentacled monstrosity grabs you.
The tentacled monstrosity constricts you!
* * * LOW HITPOINT WARNING * * *
The tentacled monstrosity is engulfed in spectral mist.
The ynoxinul is engulfed in spectral mist.
The ynoxinul dies!
The spectral quicksilver dragon bites you!
* * * LOW HITPOINT WARNING * * *
You feel drained.
* * * LOW HITPOINT WARNING * * *
You block the spectral quicksilver dragon's attack.
The spectral quicksilver dragon bites you.
* * * LOW HITPOINT WARNING * * *
The spectral quicksilver dragon claws you but does no damage.
The tentacle is engulfed in spectral mist.
The kraken is engulfed in spectral mist.
A tentacle rises from the water!
The tentacle is engulfed in spectral mist.
The tentacle slaps you!
* * * LOW HITPOINT WARNING * * *
You block the fire crab's attack.
The fire crab claws you but does no damage.
The tentacled starspawn is engulfed in spectral mist.
Tentacles burst from the starspawn's body!
A tentacle and 2 starspawn tentacles come into view.
You feel yourself speed up.
You are engulfed in spectral mist.
You die...

~~~#~ ~~~~
##~~~## ##⌠~~~⌠##
##⌠⌠~~~⌠⌠##
#⌠§§○f§⌠⌠⌠#
#⌠○XX○°⌠⌠⌠#
###t@ZtZ~~##
#.~ZXww○≈~~. .○#
###ww°≈≈°~## .
#°°°°⌠wXw∩°Z⌠⌠...
#°#°###Z##.##..#
### #..#....# .#
.###V─### #.
##.#.### # #.#.
.#.... #.


You could see a kraken, 2 tentacled monstrosities, a shambling mangrove, a
tentacled starspawn, a ghost crab, a fire crab, 4 tentacles, a spectral anaconda
(summoned), 2 spectral quicksilver dragons, a spectral harpy (summoned), a
spectral titan (summoned) and 2 starspawn tentacles.

Vanquished Creatures
  2 two-headed ogres (D:10)
  2 catoblepae (Lair:5)
  A dancing weapon (Volcano)
  9 death yaks
  A lindwurm (Lair:5)
  3 wizards (Volcano)
  A deep elf pyromancer (D:10)
  A phantasmal warrior (Abyss:4)
  A manticore (Lair:5)
  5 black mambas
  4 toenail golems (Volcano)
  20 elephants
  7 cane toads
  3 rime drakes
  8 komodo dragons
  4 trolls
  3 polar bears
  5 dream sheep (Lair:5)
  14 blink frogs
  3 slime creatures (Lair:5)
  2 shadows
  5 wyverns
  A vampire (D:9)
  34 yaks
  A spriggan (Lair:2)
  4 basilisks
  A vampire mosquito (D:10)
  3 steam dragons
  Grum (D:10)
  5 wargs (D:10)
  16 water moccasins
  An acid dragon (D:9)
  4 orc warriors
  2 black bears
  2 sky beasts
  An ice beast (D:8)
  An ogre (D:6)
  4 centaurs
  9 wolves
  2 phantoms
  10 bullfrogs
  5 scorpions
  A gnoll sergeant (D:5)
  A necrophage (D:7)
  4 wights (D:9)
  A howler monkey (D:8)
  8 orc priests
  5 hounds
  A gnoll bouda (D:7)
  2 jellies
  5 iguanas
  10 orc wizards
  13 gnolls
  6 adders
  2 shadow imps
  3 white imps
  An ufetubus (D:7)
  2 worms
  4 dart slugs
  43 orcs
  5 endoplasms
  4 giant cockroaches
  6 hobgoblins
  3 jackals (D:5)
  4 quokkas
  3 ball pythons
  2 bats
  4 frilled lizards
  8 goblins
  8 kobolds
  4 rats
374 creatures vanquished.

Vanquished Creatures (others)
  A ynoxinul (Abyss:4)
  24 fungi
  25 plants
  4 starspawn tentacles (Abyss:4)
54 creatures vanquished.

Grand Total: 428 creatures vanquished

Notes
Turn   | Place    | Note
-------+----------+-------------------------------------------
     0 | D:1      | MeatBomb the Troll Fighter began the quest for the Orb.
     0 | D:1      | Reached XP level 1. HP: 22/22 MP: 0/0
   471 | D:1      | Reached XP level 2. HP: 29/29 MP: 1/1
   596 | D:1      | Found a faded altar of an unknown god.
   979 | D:2      | Found a white marble altar of Elyvilon.
  1154 | D:2      | Reached XP level 3. HP: 36/36 MP: 2/2
  1188 | D:2      | Identified the +2 robe of Agoraphobia {Harm rF+ Str+4 Dex+4
                  | Stlth-}
  1198 | D:2      | Reached skill level 3 in Unarmed Combat
  1449 | D:2      | Reached XP level 4. HP: 23/44 MP: 3/3
  2006 | D:3      | Found a shadowy altar of Dithmenos.
  2072 | D:3      | Reached skill level 4 in Unarmed Combat
  2072 | D:3      | Reached XP level 5. HP: 53/53 MP: 4/4
  2225 | D:3      | Noticed a black bear
  2227 | D:3      | Killed a black bear
  2228 | D:3      | Reached XP level 6. HP: 61/61 MP: 5/5
  2443 | D:3      | Found a snail-covered altar of Cheibriados.
  2681 | D:4      | Reached skill level 5 in Unarmed Combat
  2848 | D:4      | Found a sacrificial altar of Ru.
  2851 | D:4      | Found a bloodstained altar of Trog.
  2854 | D:4      | Found a broken altar of Ashenzari.
  2857 | D:4      | Found a glowing silver altar of Zin.
  2997 | D:4      | Found a staircase to the Ecumenical Temple.
  3069 | D:4      | Found an ancient bone altar of Kikubaaqudgha.
  3135 | D:5      | Entered Level 5 of the Dungeon
  3135 | D:5      | Found an iron altar of Okawaru.
  3161 | D:5      | Found a sparkling altar of Nemelex Xobeh.
  3198 | D:5      | Found Okhlut's Distillery.
  3208 | D:5      | Reached XP level 7. HP: 64/68 MP: 6/6
  3213 | D:5      | Found Rioleh's Antique Weapon Emporium.
  3289 | D:5      | Found an ornate altar of the Wu Jian Council.
  3329 | D:5      | Became a worshipper of the Wu Jian Council
  3365 | D:5      | Found Zemmicso's Armour Shop.
  3381 | D:5      | Bought a scarf of repulsion for 144 gold pieces
  3440 | D:5      | Reached skill level 6 in Unarmed Combat
  3752 | D:5      | Found Wivittutz's Distillery.
  3842 | D:5      | Found Ruegas's Jewellery Emporium.
  4450 | D:6      | You fall into a shaft and drop 1 floor!
  4523 | D:6      | Reached XP level 8. HP: 45/79 MP: 7/7
  4524 | D:6      | Reached skill level 5 in Shields
  4621 | D:6      | Reached skill level 7 in Unarmed Combat
  4637 | D:6      | Reached * piety under Wu Jian
  5035 | D:7      | Reached skill level 5 in Fighting
  5229 | D:7      | Reached skill level 8 in Unarmed Combat
  5670 | D:8      | Reached XP level 9. HP: 88/88 MP: 8/8
  5937 | D:8      | Found a white marble altar of Elyvilon.
  5988 | D:8      | Reached skill level 9 in Unarmed Combat
  6001 | D:8      | Found Udeoniask's Armour Shop.
  6561 | D:9      | Found a hide-covered altar of Uskayaw.
  6582 | D:9      | Reached skill level 10 in Unarmed Combat
  6606 | D:9      | Reached XP level 10. HP: 86/100 MP: 9/9
  6694 | D:9      | Reached ** piety under Wu Jian
  6715 | D:9      | Found Axuoten's Weapon Boutique.
  6768 | D:9      | Found a transporter.
  6770 | D:9      | Found a transporter.
  6771 | D:9      | Noticed liarliar's ghost (novice DEEE)
  6974 | D:9      | Found a shimmering altar of Xom.
  7102 | D:9      | Found an opulent altar of Gozag.
  7163 | D:9      | Reached skill level 11 in Unarmed Combat
  7281 | D:10     | Entered Level 10 of the Dungeon
  7405 | D:10     | Found a staircase to the Lair.
  7453 | D:10     | Noticed a centaur warrior
  7454 | D:10     | Noticed a two-headed ogre
  7569 | D:10     | Noticed Grum
  7574 | D:10     | Killed Grum
  7692 | D:10     | Noticed a deep elf pyromancer
  7960 | D:10     | Reached skill level 12 in Unarmed Combat
  7977 | D:10     | Reached XP level 11. HP: 41/109 MP: 10/10
  8019 | D:10     | Noticed a two-headed ogre
  8030 | D:10     | Killed a two-headed ogre
  8087 | D:10     | Found a transporter.
  8169 | D:10     | Reached *** piety under Wu Jian
  8277 | D:10     | Killed a two-headed ogre
  8364 | D:10     | Killed a deep elf pyromancer
  8433 | D:10     | Found a transporter.
  8436 | D:10     | Noticed lmSkywalker's ghost (journeyman DsGl)
  8437 | D:10     | Found a bloodstained altar of Trog.
  8448 | D:10     | Noticed a deep troll
  8525 | D:10     | Reached skill level 13 in Unarmed Combat
  8722 | D:10     | Found a staircase to the Orcish Mines.
  8794 | Lair:1   | Entered Level 1 of the Lair of Beasts
  9375 | Lair:1   | Noticed a death yak
  9376 | Lair:1   | Noticed a death yak
  9376 | Lair:1   | Noticed a death yak
  9391 | Lair:1   | Noticed a death yak
  9392 | Lair:1   | Killed a death yak
  9393 | Lair:1   | Noticed a death yak
  9423 | Lair:1   | Killed a death yak
  9431 | Lair:1   | Killed a death yak
  9431 | Lair:1   | Reached **** piety under Wu Jian
  9432 | Lair:1   | Reached XP level 12. HP: 122/122 MP: 11/11
  9440 | Lair:1   | Killed a death yak
  9449 | Lair:1   | Killed a death yak
 10210 | Lair:2   | Reached skill level 14 in Unarmed Combat
 10567 | Lair:2   | Reached skill level 10 in Shields
 11400 | Lair:3   | Reached skill level 5 in Dodging
 11448 | Lair:3   | Found a staircase to the Snake Pit.
 11654 | Lair:3   | Found a staircase to the Swamp.
 12032 | Snake:1  | Entered Level 1 of the Snake Pit
 12046 | Lair:3   | Reached skill level 15 in Unarmed Combat
 12325 | Lair:4   | Reached XP level 13. HP: 79/131 MP: 12/12
 12325 | Lair:4   | Reached ***** piety under Wu Jian
 13194 | Lair:5   | Entered Level 5 of the Lair of Beasts
 13194 | Lair:5   | Found a staircase to the Slime Pits.
 13194 | Lair:5   | Found a viscous altar of Jiyva.
 13479 | Lair:5   | Reached skill level 10 in Fighting
 13510 | Lair:5   | Reached skill level 16 in Unarmed Combat
 13781 | Lair:5   | Found a dark tunnel.
 13827 | Volcano  | Entered a volcano
 14020 | Abyss:3  | Cast into level 3 of the Abyss (a wizard)
 14035 | Abyss:4  | Found a corrupted altar of Lugonu.
 14064 | Abyss:4  | Noticed a tentacled starspawn
 14077 | Abyss:4  | Reached XP level 14. HP: 130/144 MP: 13/13
 14080 | Abyss:4  | Noticed a kraken
 14082 | Abyss:4  | Noticed a tentacled monstrosity
 14082 | Abyss:4  | Noticed a tentacled monstrosity
 14086 | Abyss:4  | HP: 5/141 [tentacle[a kraken] (15)]
 14087 | Abyss:4  | Engulfed by a ghost crab's spectral mist

Illustrated notes

Levels and vault maps discovered:
D:1:      lordsloth_arrival_two_stooges, layout_basic,
          ebering_ecumenical_altar_sacrificial
D:2:      layout_loops_ring, basic_altar, grunt_ministairs_6
D:3:      minmay_door_path, layout_basic, mainiacjoe_overflow_alcove_4,
          nicolae_dithmenos_through_a_glass_darkly, nrook_mini_backslash,
          minmay_tree_intersection
D:4:      layout_rooms, grunt_temple_overflow_cloverleaf, old_standard_altar,
          minmay_temple_entry_overgrown
D:5:      layout_loops_corners, mainiacjoe_overflow_cross_hatched,
          nemelex_spade_bored_becter, okawaru_gym_becter, serial_shops,
          kennysheep_little_box, shop, nicolae_diamond_shop,
          nicolae_shop_behind_doors, shop, lightli_minifort
D:6:      layout_loops_ring
D:7:      layout_loops_cross
D:8:      layout_basic, elyvilon_altar_1, serial_shops, shop
D:9:      layout_roguey, old_standard_altar, marbit_many_paths,
          mainiacjoe_overflow_tiny_flanked, gammafunk_ghost_hive, serial_shops,
          shop
D:10:     minmay_bloctagon, layout_loops_ring, erik_lair_orcish_takeover,
          david_orc_1_choice, gammafunk_ghost_wrathful_warriors,
          minmay_fountain_box, nrook_campfire, uniq_grum
Lair:1:   layout_layer_cave
Lair:2:   layout_gridlike, minivault_19, grunt_forest_stairs_clearing,
          serial_bayou_shore_b
Lair:3:   layout_loops_ring, swamp_mist_pool, minmay_snake_entry_six_corridors,
          grunt_forest_small_clearings
Lair:4:   layout_cave_pods, grunt_megastairs_1
Lair:5:   evilmike_catoblepas_cave, layout_cave_pods,
          minmay_slime_entry_pillars, nicolae_volcano_entry_vermiform
Snake:1:  layout_grid_shapes, nicolae_snake_snakes_in_the_grass, uniq_mlioglotl
Abyss:4:  base: Volcano, base: Volcano,
          evilmike_nicolae_abyss_rune_betentacled_crabyss, base:
Volcano
Volcano:  volcano_bunker

Skill      XL: |  1  2  3  4  5  6  7  8  9 10 11 12 13 |
---------------+----------------------------------------+-----
Shields        | 3 4 6 7 8 9 10 11 | 11.3
Unarmed Combat | 3 4 5 6 8 10 12 13 15 16 | 16.5
Fighting       | 3 4 5 6 7 8 9 10 | 10.3
Dodging        | 3 5 6 |  6.9

Action                   |  1- 3 |  4- 6 |  7- 9 | 10-12 | 13-15 || total
-------------------------+-------+-------+-------+-------+-------++-------
Melee: Unarmed           |    80 |   108 |   230 |   578 |   308 ||  1304
Throw: Stone             |     3 |       |       |       |       ||     3
       Boomerang         |       |     9 |     9 |    54 |    17 ||    89
       Dart              |       |       |       |     3 |       ||     3
Invok: Lunge             |       |       |    11 |    17 |    21 ||    49
       Whirlwind         |       |       |       |    12 |    13 ||    25
Evoke: Wand              |       |     2 |       |     2 |       ||     4
  Use: Scroll            |     3 |     3 |    12 |     6 |     3 ||    27
       Potion            |       |       |       |     2 |     3 ||     5
 Stab: Sleeping          |     2 |       |       |     1 |       ||     3
       Distracted        |       |       |       |     1 |       ||     1
Armor: Robe              |    22 |    10 |    38 |     2 |     4 ||    76
       Steam dragon scal |       |       |       |   102 |       ||   102
       Skin              |       |       |       |    17 |       ||    17
       Troll leather arm |       |       |       |    25 |    73 ||    98
Dodge: Dodged            |    16 |    16 |    57 |   164 |    77 ||   330
       Repelled          |       |       |     1 |       |     1 ||     2
Block: Kite shield       |    31 |    31 |    90 |   250 |   150 ||   552
